Cogmind - Beta 11 --- EXPLORER MODE // 2022.04.05 @ 13:37:01 Player: Benkyo Result: Destroyed by 8R-AWN with 8R-AWN's Boregun Performance ------------- Evolutions (0) 0 Regions Visited (3) 600 Robots Destroyed (18) 90 Value Destroyed (364) 364 Prototype IDs (28) 560 Alien Tech Used (0) 0 Bonus (210) 210 TOTAL SCORE: 1824 Bonus ------- Aligned with FarCom 300 Friendly Fire -90 Cogmind --------- Core Integrity 0/250 Matter 102/300 Energy 265/265 System Corruption 1% Temperature Cool (8) Movement Core (700) Ox13 Location -10/Exiles Parts ------- > --- POWER (1) -------- Improved Ion Engine > --- PROPULSION (2) --- (None) > --- UTILITY (3) ------ Large Storage Unit Targeting Computer Medium Armor Plating > --- WEAPON (2) ------- Heavy Assault Rifle Heavy Assault Rifle > --- INVENTORY (15) --- Structural Scanner Experimental Sensor Array 0b10 Alert Chip High-powered Tractor Beam PSU Rigger Improved EM Shotgun AWS/Autocannon Grenade Launcher Rocket Launcher Peak State ------------ > --- POWER ------------ Improved Ion Engine > --- PROPULSION ------- Light Treads Light Treads > --- UTILITY ---------- Large Storage Unit Medium Armor Plating PSU Rigger > --- WEAPON ----------- Heavy Assault Rifle Heavy Assault Rifle > --- INVENTORY -------- Improved Ion Engine Structural Scanner Experimental Sensor Array 0b10 Alert Chip Targeting Computer Medium Armor Plating Medium Armor Plating Medium Armor Plating High-powered Tractor Beam Improved EM Shotgun AWS/Autocannon Grenade Launcher Rocket Launcher [Rating: 25] Favorites ----------- Power Improved Ion Engine Engine Improved Ion Engine Propulsion Light Treads Treads Light Treads Utility Medium Armor Plating Device PSU Rigger Storage Large Storage Unit Processor Transport Network Coupler Protection Medium Armor Plating Weapon Heavy Assault Rifle Ballistic Gun Heavy Assault Rifle Build | -11 -10 -10 -10 ------- Run | Scr Mat Min Exi Slots Evolved 1 | . 1 . . Power . | . . . . Propulsion . | . . . . Utility 1 | . 1 . . Weapon . | . . . . Parts Attached 23 | 7 5 4 7 Power 3 | 1 1 . 1 Engine 3 | 1 1 . 1 Core . | . . . . Reactor . | . . . . Propulsion 3 | 2 . 1 . Treads 3 | 2 . 1 . Leg . | . . . . Wheel . | . . . . Hover . | . . . . Flight . | . . . . Utility 11 | 2 2 2 5 Device 1 | . . . 1 Storage 2 | 1 1 . . Processor 2 | . 1 . 1 Hackware . | . . . . Protection 6 | 1 . 2 3 Artifact . | . . . . Weapon 6 | 2 2 1 1 Energy Gun . | . . . . Energy Cannon . | . . . . Ballistic Gun 6 | 2 2 1 1 Ballistic Cannon . | . . . . Launcher . | . . . . Special Weapon . | . . . . Impact Weapon . | . . . . Slashing Weapon . | . . . . Piercing Weapon . | . . . . Special Melee Weapon . | . . . . Unidentified Prototypes . | . . . . Parts Lost 8 | . . 3 5 Power . | . . . . Propulsion 2 | . . . 2 Utility 5 | . . 2 3 Weapon 1 | . . 1 . Highest Loss Streak 5 | . . 3 5 To Critical Strikes 2 | . . . 2 Average Slot Usage (%) 98 | . 96 99 99 Engine 12 | . 12 12 12 Treads 24 | . 25 25 24 Storage 12 | . 12 12 12 Processor 5 | . 8 6 . Protection 17 | . 12 17 24 Ballistic Gun 24 | . 25 24 25 Naked Turns . | . . . . Heaviest Build 47 | 20 36 47 47 Greatest Support 40 | 40 40 40 40 Greatest Overweight (x) 1 | . . 1 1 Average Overweight (x) . | . . . 1 Largest Inventory Capacity 15 | 10 15 15 15 Average Capacity 13 | 9 11 15 15 Most Carried 15 | 9 15 15 15 Average Carried 12 | 6 10 13 13 Final Capacity 15 | 10 15 15 15 Final Carried 15 | 7 15 12 11 Class Distribution -------------------- 100% | Hacker-Mutant Dominant Class ---------------- Hacker-Mutant | -10/Materials Hacker-Mutant | -10/Mines Hacker-Mutant | -10/Exiles Resources | -11 -10 -10 -10 ----------- Run | Scr Mat Min Exi Matter Collected 754 | 306 218 230 . Remotely . | . . . . Salvage Created 710 | 109 315 251 35 Parts 33 | 3 27 3 . Haulers Intercepted 1 | . 1 . . Recyclers Shooed . | . . . . Parts Field Recycled . | . . . . Retrieved Matter . | . . . . Parts Self-Destructed . | . . . . Prevented . | . . . . Kills | -11 -10 -10 -10 ------- Run | Scr Mat Min Exi Combat Hostiles Destroyed 24 | . 7 15 2 Guns 24 | . 7 15 2 Classes Destroyed 9 | 2 5 2 . Builder 1 | . 1 . . Tunneler 2 | 2 . . . Hauler 1 | . 1 . . Recycler 1 | 1 . . . Watcher 3 | . 3 . . Swarmer 4 | . 4 . . Grunt 5 | . 3 2 . Demolisher 1 | . . 1 . Assembled 14 | . . 12 2 Best Kill Streak 11 | 3 3 11 2 Combat Bots Only 11 | . 2 11 2 Max Kills in Single Turn 2 | 1 2 1 1 Gunslinging 1 | . 1 . . Exploded . | . . . . Melee . | . . . . Uniques/NPCs Destroyed . | . . . . Combat | -11 -10 -10 -10 -------- Run | Scr Mat Min Exi Damage Taken 1678 | . 70 886 722 Core 253 | . 13 156 84 Absorbed by Shields . | . . . . Core Remaining (%) 100 | 100 . . . Volleys Fired 92 | 7 27 37 21 Largest 2 | 2 2 2 2 Hottest 46 | 40 40 46 46 Shots Fired 179 | 14 54 69 42 Gun 179 | 14 54 69 42 Cannon . | . . . . Launcher . | . . . . Special . | . . . . Kinetic 179 | 14 54 69 42 Thermal . | . . . . Explosive . | . . . . Electromagnetic . | . . . . Robot Hit Streak 26 | 13 26 22 17 Robot Miss Streak 4 | . 2 4 1 Penetration Max . | . . . . Secondary Targets 6 | . 2 3 1 Max Gunslinging Chain 1 | . 1 1 1 Shots Hit Robots 147 | 13 43 52 39 Core Hits 63 | 4 16 30 13 Critical Kills . | . . . . Critical Parts Destroyed . | . . . . Critical Strikes . | . . . . Melee Attacks . | . . . . Impact . | . . . . Slashing . | . . . . Piercing . | . . . . Sneak Attacks . | . . . . Combat Hostiles . | . . . . Follow-up Attacks . | . . . . Damage Inflicted 2137 | 156 602 801 578 Guns 2131 | 156 602 795 578 Cannons . | . . . . Explosions . | . . . . Melee . | . . . . Ramming 6 | . . 6 . Kinetic 2131 | 156 602 795 578 Thermal . | . . . . Explosive . | . . . . Electromagnetic . | . . . . Impact . | . . . . Slashing . | . . . . Piercing . | . . . . Highest Corruption 1 | . . 1 1 Average Corruption 1 | . . 1 1 Corruption Purged . | . . . . Corruption Blocked . | . . . . Effects 9 | . . 2 7 Message Errors 3 | . . . 3 Matter Fused 3 | . . 2 1 Heat Flow Errors 1 | . . . 1 Energy Discharges 1 | . . . 1 Data Loss (minor) 1 | . . . 1 Overload Shots . | . . . . Overflow Damage . | . . . . Projectiles . | . . . . Explosions . | . . . . Melee . | . . . . Knockbacks . | . . . . Impact . | . . . . Kinetic . | . . . . Secondary . | . . . . Self-Inflicted Damage . | . . . . Shots . | . . . . Rammed 2 | . . 2 . Targets Rammed 2 | . . 2 . Kicked . | . . . . Crushed . | . . . . Highest Temperature 204 | . 7 204 151 Average Temperature 45 | . 3 52 37 Received Heat Transfer 370 | . 45 285 40 Siege Activations . | . . . . Robots Corrupted . | . . . . Combat Hostiles . | . . . . Parts Fried . | . . . . Impact Corruptions . | . . . . Robots Melted . | . . . . Combat Hostiles . | . . . . Parts Melted . | . . . . Heat Transferred . | . . . . Parts Sabotaged . | . . . . Parts Stolen . | . . . . Parts Stripped . | . . . . Power Chain Reactions . | . . . . Missiles Intercepted . | . . . . Alert | -11 -10 -10 -10 ------- Run | Scr Mat Min Exi Peak Influence 120 | 15 120 53 . Initial 7 | . 7 . . Average 30 | 4 51 11 . Maximum Alert Level . | . . . . Low Security (%) 100 | 100 100 100 . Level 1 . | . . . . Level 2 . | . . . . Level 3 . | . . . . Level 4 . | . . . . Level 5 . | . . . . High Security . | . . . . Max Security . | . . . . Squads Dispatched . | . . . . Investigation . | . . . . Extermination . | . . . . Reinforcement . | . . . . Assault . | . . . . Garrison . | . . . . Intercept . | . . . . Searches Triggered . | . . . . Construction Impeded . | . . . . Haulers Reinforced . | . . . . Active Scanning Responses . | . . . . Cargo Convoy Interrupts . | . . . . Stealth | -11 -10 -10 -10 --------- Run | Scr Mat Min Exi Distress Signals . | . . . . Communications Jammed . | . . . . Distress Signals . | . . . . Times Spotted 45 | . 10 28 7 Peak Tracking Total 9 | . 2 9 9 Tactical Retreats 2 | . . 2 . Traps | -11 -10 -10 -10 ------- Run | Scr Mat Min Exi Traps Triggered . | . . . . Indirectly . | . . . . Trap Hack Attempts . | . . . . Triggered . | . . . . Disarmed 10 | . 10 . . Reprogrammed . | . . . . Reused . | . . . . Traps Extracted . | . . . . Installed . | . . . . Triggered . | . . . . Power Sources Rigged 1 | . . . 1 Exploded 1 | . . . 1 Machines | -11 -10 -10 -10 ---------- Run | Scr Mat Min Exi Machines Disabled 1 | . . . 1 Max in Single Turn 1 | . . . 1 Machines Sabotaged . | . . . . Garrisons Compromised . | . . . . Overloaded Fab Kills . | . . . . Hacking | -11 -10 -10 -10 --------- Run | Scr Mat Min Exi Machines Accessed 12 | . 10 1 1 Terminals 9 | . 8 1 . Fabricators . | . . . . Repair Stations . | . . . . Recycling Units 2 | . 2 . . Scanalyzers . | . . . . Garrison Access . | . . . . Total Hacks 58 | . 55 2 1 Successful 43 | . 41 1 1 Failed 15 | . 14 1 . Catastrophic . | . . . . Database Lockouts . | . . . . Manual 37 | . 35 1 1 Terminals 49 | . 47 2 . Fabricators . | . . . . Repair Stations . | . . . . Recycling Units 8 | . 8 . . Scanalyzers . | . . . . Garrison Access . | . . . . Terminal Hacks 33 | . 31 1 1 Part Schematic 4 | . 4 . . Robot Analysis 10 | . 10 . . Prototype ID Bank 5 | . 5 . . Branch Access Points 1 | . 1 . . Scanalyzer Index 1 | . 1 . . Locate Traps 4 | . 4 . . Disarm Traps 3 | . 3 . . Hauler Manifests 1 | . 1 . . Registered Components 1 | . 1 . . Zone Layout 2 | . 1 1 . EX-Prototype ID Bank 1 | . . . 1 Fabricator Hacks . | . . . . Repair Station Hacks . | . . . . Recycling Unit Hacks 4 | . 4 . . Retrieve Matter 2 | . 2 . . Retrieve Components 2 | . 2 . . Scanalyzer . | . . . . Garrison Access Hacks . | . . . . Unauthorized Hacks 6 | . 6 . . Terminals 4 | . 4 . . Botnet 4 | . 4 . . Fabricators . | . . . . Repair Stations . | . . . . Recycling Units 2 | . 2 . . Mask 2 | . 2 . . Scanalyzers . | . . . . Garrison Access . | . . . . Data Cores Recovered . | . . . . Used . | . . . . Hacking Detections 11 | . 10 1 . Full Trace Events . | . . . . Feedback Events . | . . . . Feedback Blocked . | . . . . Robot Schematics Acquired . | . . . . Robots Built . | . . . . Authchips . | . . . . Time . | . . . . Total Robot Build Rating . | . . . . Part Schematics Acquired 4 | . 4 . . Parts Built . | . . . . Authchips . | . . . . Time . | . . . . Total Part Build Rating . | . . . . Parts Repaired . | . . . . Time . | . . . . Parts Recycled . | . . . . Recycled Matter . | . . . . Retrieved Matter . | . . . . Retrieved Components 5 | . 5 . . Parts Scanalyzed . | . . . . Part Schematics Acquired . | . . . . Parts Damaged . | . . . . Bothacking | -11 -10 -10 -10 ------------ Run | Scr Mat Min Exi Used RIF Installer . | . . . . Robots Hacked . | . . . . Non-combat . | . . . . Combat . | . . . . Robot Hacks Applied . | . . . . Relay Couplers Released . | . . . . Fabnet Peak Effective % . | . . . . Robots Rewired . | . . . . Allies Hacked . | . . . . Hacks Repelled . | . . . . Allies | -11 -10 -10 -10 -------- Run | Scr Mat Min Exi Total Allies . | . . . . Largest Group . | . . . . Highest-Rated Group . | . . . . Highest-Rated Ally . | . . . . Total Orders . | . . . . Ally Attacks . | . . . . Total Damage . | . . . . Kills . | . . . . Allies Corrupted . | . . . . Allies Melted . | . . . . Intel | -11 -10 -10 -10 ------- Run | Scr Mat Min Exi Robot Analysis Total 10 | . 10 . . Derelict Logs Recovered 1 | . . 1 . Drone Launches . | . . . . Drone Recoveries . | . . . . Exploration | -11 -10 -10 -10 ------------- Run | Scr Mat Min Exi Turns Passed 3420 | 130 1221 1170 899 Spaces Moved 1654 | 63 678 571 342 Core 10 | 10 . . . Treads 1644 | 53 678 571 342 Legs . | . . . . Wheels . | . . . . Hover . | . . . . Flight . | . . . . Fastest Speed 50 | 50 160 160 240 Average Speed 184 | 142 160 183 240 Slowest Speed 240 | 160 160 240 240 Overloaded Moves . | . . . . Propulsion Burnouts . | . . . . Robots Hopped . | . . . . Cave-ins Triggered . | . . . . Exploration Rate (%) 67 | 5 99 98 69 Regions Visited 3 Branch Regions 2 Pre-discovered Areas 1 | . . 1 . Known Exits Taken 3 | 1 1 1 . Unknown Exits Taken . | . . . . Scrap Searched 1 | . . 1 . Spaces Dug . | . . . . Terrain Destroyed . | . . . . Melee . | . . . . Projectile . | . . . . AOE . | . . . . Terrain Rammed . | . . . . Walls Destroyed . | . . . . Machines Disabled . | . . . . Actions | -11 -10 -10 -10 --------- Run | Scr Mat Min Exi Total 1861 | 89 770 623 379 Wait 24 | . 18 6 . Move 1651 | 62 677 570 342 Hop . | . . . . Pick Up 43 | 13 24 2 4 Fast Attach 1 | 1 . . . Attach 13 | 6 1 3 3 Detach . | . . . . Swap 9 | . 4 1 4 Drop 25 | . 19 2 4 Fire 92 | 7 27 37 21 Melee . | . . . . Ram . | . . . . Kick . | . . . . Crush 2 | . . 2 . Escape Stasis . | . . . . Rewire . | . . . . Trap 1 | . . . 1 Miscellaneous . | . . . . Route ------- -11/Scrapyard -10/Materials (discovered 4 exits: *Mat x3 / *Min) -10/Mines (discovered 3 exits: *Mat x2 / *Exi) -10/Exiles (discovered 1 exit: *Min) History --------- Turn | Location | Event 9 | -11/Scrapyard | Identified exit to Materials 9 | -11/Scrapyard | Discovered exit to Materials (range 16) 131 | -11/Scrapyard | Entered Materials 131 | -10/Materials | Evolved 1 slot: Utility x1 284 | -10/Materials | Identified exit to Mines 284 | -10/Materials | Discovered exit to Mines (range 15) 303 | -10/Materials | Build established: Hacker-Mutant 706 | -10/Materials | Identified exit to Materials 706 | -10/Materials | Discovered exit to Materials (range 5) 793 | -10/Materials | Discovered exit to Materials (range 15) 1091 | -10/Materials | Discovered exit to Materials (range 11) 1352 | -10/Materials | Entered Mines 1365 | -10/Mines | Discovered exit to Materials (range 8) 1376 | -10/Mines | Learned location of Storage (-7) 1471 | -10/Mines | Learned 2 Materials zone layouts 1600 | -10/Mines | Found a damaged Exp. Sensor Array with a note attached 1604 | -10/Mines | Found Prototype Device 1794 | -10/Mines | Discovered exit to Materials (range 11) 1891 | -10/Mines | Deemed a non-threat by the Exiles lab entrance 1891 | -10/Mines | Identified exit to Exiles 1891 | -10/Mines | Discovered exit to Exiles (range 5) 2006 | -10/Mines | Assembled infested the area 2057 | -10/Mines | Core integrity fell below 50% 2123 | -10/Mines | Lost 3 parts (2u1w) 2158 | -10/Mines | Destroyed 11 combat bots 2253 | -10/Mines | Received a Rocket Launcher from a helpful Derelict 2522 | -10/Mines | Entered Exiles 2583 | -10/Exiles | Met 8R-AWN 2624 | -10/Exiles | Met EX-HEX 2689 | -10/Exiles | Met EX-BIN 2717 | -10/Exiles | Aligned with FarCom system 2720 | -10/Exiles | Given EX-Vault access code 2775 | -10/Exiles | Opened EX-Vault 2792 | -10/Exiles | Found PSU Rigger 2798 | -10/Exiles | Found 0b10 Alert Chip 2805 | -10/Exiles | Found AWS/Autocannon 2858 | -10/Exiles | Warned to stay clear of 0b10 Research branches 2923 | -10/Exiles | Met EX-DEC 3024 | -10/Exiles | Identified exit to Mines 3024 | -10/Exiles | Discovered exit to Mines (range 12) 3357 | -10/Exiles | Attacked by the Exiles 3370 | -10/Exiles | Core integrity fell below 20% 3421 | -10/Exiles | Destroyed by 8R-AWN with 8R-AWN's Boregun Last Messages --------------- 03386_ Critical hit (Destroy). 03389_ Penetrated by HV Slug. 03389_ as-23135 destroyed. 03391_ Penetrated by HV Slug. 03395_ as-72233 destroyed. 03395_ Switching to secondary target: 8R-AWN. 03395_ Penetrated by HV Slug. 03395_ Critical hit (Destroy). 03395_ Lgt. Treads destroyed. 03398_ Penetrated by HV Slug. 03400_ Critical hit (Destroy). 03404_ Penetrated by HV Slug. 03416_ P4OT6Z:G57D3RHSN#2Y1 S/#4WIJFI4I%G 03416_ Destroyed Prototype Protection. 03417_ Penetrated by HV Slug. 03417_ Critical hit (Destroy). 03421_ Penetrated by HV Slug. 03421_ Critical hit (Destroy). 03421_ Lgt. Treads destroyed. 03421_ Penetrated by HV Slug. Map ----- +----------------------------------------------------+ | ""#??????????????????????????????????????????????? | | ""#??????????????????????????????????????????????? | | ""#??????????????????????????????????????????????? | | ""#??????????????????????????????????????????????? | | ""#??????????????????????????????????????????????? | | ""#??????????????????????????????????????????????? | | ""#??????????????????????????????????????????????? | | ""#??????????????????????????????????????????????? | | ""#??????????????????????????????????????????????? | | ""#??????????????????????????????????????????????? | | """??????????????????????????????????????????????? | | ""#??????????????????????????????????????????????? | | ""???????????????????????????????????????????????? | | #??????????????????????????????????????????????? | | ""#????????????????????????????????? ????????????? | | ###???????????????????????????????? ?????????????? | | ?????????????????????????????????# ??????????????? | | ????????????????????????????????# #??????????????? | | ???????????????????????????????# #??????????? ???? | | #########?????????????????????# #???????????? ?? | | """"""""##???????????????????# #????????????? ? | | """ """"##?????????????????# #?????????????# #? | | "" " #?????????????#### #????????????## ## | | " """#?????????????# #?????????????# # | | " "#???????????###;;#??????????????# # | | " "##?????????## @#??????????????## ? | | ""###???????#"%g%; ????????????## #?? | | """#??????##" % ###???????????# #?? | | "#????### % ###????????### #??? | | ##???# ########## #??? | | ##?## #""""## #???? | | ### * ##??? | | ## * #??? | | #### ##?? | | % " #?#"""""#### ### | | % #"""##?#######??#### * # | | ;;####??????????????##### | | ##???????????????????????### | | " ##??????????????????????????### | | """ ""#?????????????????????????????### | | ""#" "##??????????????????????????????#" | | """##"""""""##???????????????????????????????#### | | ""###########???????????????????????????????????# | | ###?????????????????????????????????????????????## | | ?????????????????????????????????????????????????# | | ?????????????????????????????????????????????????? | | ?????????????????????????????????????????????????? | | ?????????????????????????????????????????????????? | | ?????????????????????????????????????????????????? | | ?????????????????????????????????????????????????? | +----------------------------------------------------+ Best States ------------- Heat Dissipation 25 Energy Generation 12 Energy Capacity 265 Matter Stores 300 Matter Capacity 300 Sight Range 16 Terrain Scan Density 10 Armor Coverage 450 Resistance: KI 35 Resistance: TH 35 Resistance: EX 35 Resistance: EM 35 Resistance: I 35 Resistance: S 35 Resistance: P 35 Evasion (%) 50 Targeting Accuracy 5 Recoil Reduction 2 Offensive Hacking 20 Item Schematics ----------------- Hcp. Storage Unit | -10/Materials | Hacked Sensor Array | -10/Materials | Hacked Med. Storage Unit | -10/Materials | Hacked Assault Rifle | -10/Materials | Hacked Robot Schematics ------------------ None Fabricated ------------ Nothing Alien Tech Used ----------------- None Achievements -------------- None Challenges ------------ None Game ------ Seed AntigravSupersonicLeg Manual? 0 Play Time 00:32:43 Cumulative 52.6 hours Start 2022.04.05 @ 13:06:46 End 2022.04.05 @ 13:37:01 Sessions 1 Manual Loads 0 Difficulty Explorer Special Mode None Game No. 12 Rogue 8 Adventurer 0 Explorer 4 Win Type - Total 1 Types 1/0/0/0/0/0/0/0/0 Lore% 49 Gallery% 38 Achievement% 39 Wizard Run 0 Options --------- ASCII 0 Keyboard 0 Movement Mouse Keybinds 0 Fullscreen 1 Font 18/SmallcapsGlow Map View 76x50 Tactical HUD 1 Map Filters NONE Filters NONE Steam 1 RUN: e93c06d7-41ef-42e9-b07f-d95d792ad8d9